TOP OF THE 1ST |
Arizona (AZL) Diamondbacks batting - Pitching for Chicago A (AZL) White Sox : LHP Dan Williams
|
Pitching: LHP Dan Williams
|
|
Batting: SHB Josh Middleton
|
0-0: Swinging Strike 0-1: Ball 1-1: DOUBLE (Line Drive, 89M, EV 98.8 MPH)
|
Batting: LHB Tommy Hamrin
|
0-0: Ball 1-0: Ball 2-0: Ball 3-0: Called Strike 3-1: SINGLE (Line Drive, 9S, EV 110.0 MPH) Josh Middleton to third
|
Batting: RHB Alan Morneau
|
0-0: Ball 1-0: Fly out, F4 (Flyball, 34D, EV 90.0 MPH)
|
Batting: RHB Bryan Burckhardt
|
0-0: Ball 1-0: Called Strike 1-1: Ball 2-1: Called Strike 2-2: Foul Ball, location: 9LMF 2-2: Foul Ball, location: 2F 2-2: Foul Ball, location: 2F 2-2: SINGLE (Groundball, 6MD, EV 95.0 MPH) Josh Middleton scores Tommy Hamrin to second
|
Batting: RHB Raul Grande
|
0-0: Called Strike 0-1: Ball 1-1: Foul Ball, location: 9LDF 1-2: Foul Ball, location: 3FF 1-2: Ball 2-2: Fly out, F7 (Line Drive, 7S, EV 85.6 MPH)
|
Batting: LHB Mike George
|
0-0: Ball 1-0: Ball 2-0: Called Strike 2-1: Ball 3-1: Foul Ball, location: 5F 3-2: Ground out 3-1 (Groundball, 34, EV 100.0 MPH)
|
Top of the 1st over - 1 run, 3 hits, 0 errors, 2 left on base; Arizona (AZL) 1 - Chicago A (AZL) 0 |
BOTTOM OF THE 1ST |
Chicago A (AZL) White Sox batting - Pitching for Arizona (AZL) Diamondbacks : RHP Dan Rainwater
|
Pitching: RHP Dan Rainwater
|
|
Batting: RHB Keith Levesque
|
0-0: Ball 1-0: Called Strike 1-1: Swinging Strike 1-2: Ball 2-2: Ball 3-2: Foul Ball, location: 7LSF, Error on foul ball, E7 3-2: Fly out, F8 (Flyball, 8LS, EV 90.0 MPH)
|
Batting: RHB Edgar Menendez
|
0-0: Swinging Strike 0-1: Ball 1-1: Called Strike 1-2: Ball 2-2: Ground out 3-1 (Groundball, 13, EV 84.4 MPH)
|
Batting: SHB Brian Corey
|
0-0: Ball 1-0: Ball 2-0: Ball 3-0: Base on Balls
|
Batting: RHB Eric Nestor
|
0-0: Fly out, F8 (Line Drive, 8LM, EV 86.3 MPH)
|
Bottom of the 1st over - 0 runs, 0 hits, 1 error, 1 left on base; Arizona (AZL) 1 - Chicago A (AZL) 0 |
TOP OF THE 2ND |
Arizona (AZL) Diamondbacks batting - Pitching for Chicago A (AZL) White Sox : LHP Dan Williams
|
Batting: RHB Jordan Vedder
|
0-0: Swinging Strike 0-1: Foul Ball, location: 2F 0-2: Strikes out swinging
|
Batting: SHB Feliciano Laterano
|
0-0: Ball 1-0: Ball 2-0: Ball 3-0: Called Strike 3-1: Called Strike 3-2: Strikes out swinging
|
Batting: RHB Chris Owens
|
0-0: SINGLE (Flyball, 34D, EV 92.5 MPH)
|
Batting: SHB Josh Middleton
|
0-0: Ball 1-0: Called Strike 1-1: Swinging Strike 1-2: Fly out, F4 (Line Drive, 4D, EV 66.9 MPH)
|
Top of the 2nd over - 0 runs, 1 hit, 0 errors, 1 left on base; Arizona (AZL) 1 - Chicago A (AZL) 0 |
BOTTOM OF THE 2ND |
Chicago A (AZL) White Sox batting - Pitching for Arizona (AZL) Diamondbacks : RHP Dan Rainwater
|
Batting: LHB Sandy Casarrubias
|
0-0: Called Strike 0-1: Ball 1-1: Swinging Strike 1-2: Foul Ball, location: 7LMF 1-2: Reached on error, E4 (Groundball, 4MS, EV 85.0 MPH)
|
Batting: RHB David Rodriguez
|
0-0: Bunt - Flyout to 2L! F2
|
Batting: RHB Nick Ritchie
|
0-0: Swinging Strike 0-1: Ball 1-1: Ball 2-1: Swinging Strike 2-2: Ball 3-2: Foul Ball, location: 2F 3-2: Base on Balls Sandy Casarrubias to second
|
Batting: LHB Danny Zuniga
|
0-0: Called Strike 0-1: SINGLE (Groundball, 4MS, EV 69.4 MPH) (infield hit) Sandy Casarrubias to third Nick Ritchie to second
|
Batting: RHB Kyle Bell
|
0-0: Ball 1-0: Fly out, F9 (Flyball, 9LM, EV 76.9 MPH) Runner from 3rd tags up, SCORES, no throw by RF
|
Batting: RHB Keith Levesque
|
0-0: Ball 1-0: Fly out, F8 (Flyball, 89XD, EV 101.9 MPH)
|
Bottom of the 2nd over - 1 run, 1 hit, 1 error, 2 left on base; Arizona (AZL) 1 - Chicago A (AZL) 1 |
TOP OF THE 3RD |
Arizona (AZL) Diamondbacks batting - Pitching for Chicago A (AZL) White Sox : LHP Dan Williams
|
Batting: LHB Tommy Hamrin
|
0-0: Ball 1-0: Swinging Strike 1-1: Ball 2-1: Foul Ball, location: 2F 2-2: Strikes out looking and he ARGUES THE CALL AND IS TOSSED!
|
Batting: RHB Alan Morneau
|
0-0: Foul Ball, location: 3DF 0-1: Fly out, F4 (Popup, 4MD, EV 58.1 MPH)
|
Batting: RHB Bryan Burckhardt
|
0-0: Called Strike 0-1: Foul Ball, location: 2F 0-2: Fly out, F7 (Line Drive, 7, EV 95.6 MPH)
|
Top of the 3rd over - 0 runs, 0 hits, 0 errors, 0 left on base; Arizona (AZL) 1 - Chicago A (AZL) 1 |
BOTTOM OF THE 3RD |
Chicago A (AZL) White Sox batting - Pitching for Arizona (AZL) Diamondbacks : RHP Dan Rainwater
|
Now at 3B: Justin Hartman
|
|
Batting: RHB Edgar Menendez
|
0-0: SINGLE (Groundball, 4M, EV 93.8 MPH)
|
Batting: SHB Brian Corey
|
0-0: Called Strike Edgar Menendez steals 2nd base 0-1: Called Strike Edgar Menendez steals 3rd base (no throw) 0-2: Ball 1-2: Ball 2-2: Ball 3-2: Fly out, F7 (Flyball, 7D, EV 92.5 MPH) Runner from 3rd tags up, SCORES, no throw by LF
|
Batting: RHB Eric Nestor
|
0-0: Ball 1-0: Ground out 6-3 (Groundball, P, EV 81.9 MPH)
|
Batting: LHB Sandy Casarrubias
|
0-0: SINGLE (Line Drive, 7S, EV 103.1 MPH)
|
Batting: RHB David Rodriguez
|
0-0: Swinging Strike 0-1: Ball 1-1: Called Strike 1-2: Fielders Choice at 2nd, 6-4 (Groundball, 6, EV 81.3 MPH)
|
Bottom of the 3rd over - 1 run, 2 hits, 0 errors, 1 left on base; Arizona (AZL) 1 - Chicago A (AZL) 2 |
TOP OF THE 4TH |
Arizona (AZL) Diamondbacks batting - Pitching for Chicago A (AZL) White Sox : LHP Dan Williams
|
Batting: RHB Raul Grande
|
0-0: Foul Ball, location: 2F 0-1: SINGLE (Line Drive, 7S, EV 92.5 MPH)
|
Batting: LHB Mike George
|
0-0: Swinging Strike 0-1: Called Strike 0-2: Ball 1-2: Grounds into double play, 4-6-3 (Groundball, 4, EV 77.5 MPH)
|
Batting: RHB Jordan Vedder
|
0-0: Fly out, F3 (Popup, 3F, EV 78.8 MPH)
|
Top of the 4th over - 0 runs, 1 hit, 0 errors, 0 left on base; Arizona (AZL) 1 - Chicago A (AZL) 2 |
BOTTOM OF THE 4TH |
Chicago A (AZL) White Sox batting - Pitching for Arizona (AZL) Diamondbacks : RHP Dan Rainwater
|
Batting: RHB Nick Ritchie
|
0-0: DOUBLE (Flyball, 8LXD, EV 95.0 MPH) - OUT at third base trying to stretch hit.
|
Batting: LHB Danny Zuniga
|
0-0: Called Strike 0-1: Fly out, F7 (Flyball, 78M, EV 93.8 MPH)
|
Batting: RHB Kyle Bell
|
0-0: Ball 1-0: Fly out, F9 (Flyball, 9D, EV 104.4 MPH)
|
Bottom of the 4th over - 0 runs, 1 hit, 0 errors, 0 left on base; Arizona (AZL) 1 - Chicago A (AZL) 2 |
TOP OF THE 5TH |
Arizona (AZL) Diamondbacks batting - Pitching for Chicago A (AZL) White Sox : LHP Dan Williams
|
Batting: SHB Feliciano Laterano
|
0-0: Ball 1-0: Ball 2-0: DOUBLE (Line Drive, 78M, EV 97.5 MPH)
|
Batting: RHB Chris Owens
|
0-0: 2-RUN HOME RUN (Flyball, 9LD, EV 93.8 MPH), Distance : 329 ft
|
Batting: SHB Josh Middleton
|
0-0: Ball 1-0: Ball 2-0: DOUBLE (Flyball, 8LXD, EV 103.1 MPH)
|
Batting: RHB Justin Hartman
|
0-0: Called Strike 0-1: Swinging Strike 0-2: Ball 1-2: Strikes out looking
|
Batting: RHB Alan Morneau
|
0-0: Ball 1-0: Ball 2-0: DOUBLE (Groundball, 5L, EV 103.8 MPH) Josh Middleton scores
|
Batting: RHB Bryan Burckhardt
|
0-0: Foul Ball, location: 3DF 0-1: Ball 1-1: Ball 2-1: Swinging Strike 2-2: Ball 3-2: Ground out 5-3 (Groundball, 56, EV 86.3 MPH)
|
Pitching: RHP Freddy Sospiri
|
|
Batting: RHB Raul Grande
|
0-0: Called Strike 0-1: Foul Ball, location: 2F 0-2: Strikes out swinging
|
Top of the 5th over - 3 runs, 4 hits, 0 errors, 1 left on base; Arizona (AZL) 4 - Chicago A (AZL) 2 |
BOTTOM OF THE 5TH |
Chicago A (AZL) White Sox batting - Pitching for Arizona (AZL) Diamondbacks : RHP Dan Rainwater
|
Batting: RHB Keith Levesque
|
0-0: Called Strike 0-1: Ball 1-1: Swinging Strike 1-2: Strikes out swinging
|
Batting: RHB Edgar Menendez
|
0-0: Swinging Strike 0-1: Ball 1-1: Ball 2-1: Foul Ball, location: 2LF 2-2: Ball 3-2: TRIPLE (Flyball, 78XD, EV 91.9 MPH)
|
Batting: SHB Brian Corey
|
0-0: SINGLE (Groundball, 34D, EV 101.3 MPH) Edgar Menendez scores
|
Batting: RHB Eric Nestor
|
0-0: Ball 1-0: Ball 2-0: Fielders Choice at 2nd, 4-6 (Groundball, 4, EV 87.5 MPH)
|
Batting: LHB Sandy Casarrubias
|
0-0: Ball 1-0: Foul Ball, location: 2F 1-1: Ball 2-1: Ball 3-1: DOUBLE (Flyball, 78XD, EV 93.8 MPH) Eric Nestor to third
|
Batting: RHB David Rodriguez
|
0-0: Ball 1-0: Called Strike 1-1: Foul Ball, location: 2F 1-2: Foul Ball, location: 2F 1-2: DOUBLE (Flyball, 7LD, EV 110.6 MPH) Eric Nestor scores Sandy Casarrubias scores
|
Pitching: RHP Jim Unknown
|
|
Batting: RHB Nick Ritchie
|
0-0: Ground out 6-3 (Groundball, 6, EV 88.8 MPH)
|
Bottom of the 5th over - 3 runs, 4 hits, 0 errors, 1 left on base; Arizona (AZL) 4 - Chicago A (AZL) 5 |
TOP OF THE 6TH |
Arizona (AZL) Diamondbacks batting - Pitching for Chicago A (AZL) White Sox : RHP Freddy Sospiri
|
Batting: LHB Mike George
|
0-0: Ball 1-0: Fly out, F4 (Flyball, 4D, EV 91.9 MPH)
|
Pinch Hitting: LHB Connor Ellsworth
|
0-0: Ball 1-0: SINGLE (Flyball, 3D, EV 95.0 MPH)
|
Batting: SHB Feliciano Laterano
|
0-0: Ball 1-0: Foul Ball, location: 9LMF 1-1: Foul Ball, location: 25FF 1-2: Ball 2-2: Ball 3-2: Strikes out swinging
|
Batting: RHB Chris Owens
|
0-0: Ball Connor Ellsworth steals 2nd base 1-0: Ball 2-0: Foul Ball, location: 2F 2-1: Swinging Strike 2-2: Reached on error, E4 (Groundball, 4, EV 100.6 MPH) Connor Ellsworth to third
|
Batting: SHB Josh Middleton
|
0-0: Foul Ball, location: 2F 0-1: SINGLE (Groundball, 34D, EV 106.3 MPH) Connor Ellsworth scores Chris Owens to second
|
Batting: RHB Justin Hartman
|
0-0: Ball 1-0: Fielders Choice at 2nd, 6-4 (Groundball, 6, EV 78.1 MPH)
|
Top of the 6th over - 1 run, 2 hits, 1 error, 2 left on base; Arizona (AZL) 5 - Chicago A (AZL) 5 |
BOTTOM OF THE 6TH |
Chicago A (AZL) White Sox batting - Pitching for Arizona (AZL) Diamondbacks : RHP Jim Unknown
|
Now at 1B: Connor Ellsworth
|
|
Pinch Hitting: LHB Aaron Storlie
|
0-0: Foul Ball, location: 2F 0-1: Ball 1-1: Ball 2-1: Ball 3-1: Foul Ball, location: 23FF 3-2: Foul Ball, location: 2F 3-2: Foul Ball, location: 2F 3-2: Base on Balls
|
Batting: RHB Kyle Bell
|
0-0: Ball 1-0: Ball 2-0: SINGLE (Line Drive, 78M, EV 95.6 MPH) Aaron Storlie to second
|
Pinch Hitting: LHB Carlos Antonio
|
0-0: Fly out, F7 (Line Drive, 7S, EV 92.5 MPH)
|
Pinch Hitting: LHB Joey Mote
|
0-0: Ball 1-0: SINGLE (Groundball, P, EV 91.3 MPH) (infield hit) Aaron Storlie to third Kyle Bell to second
|
Batting: SHB Brian Corey
|
0-0: Ball 1-0: Ball 2-0: Ball 3-0: Base on Balls Aaron Storlie scores Kyle Bell to third Joey Mote to second
|
Batting: RHB Eric Nestor
|
0-0: Fly out, F3 (Popup, 23F, EV 80.0 MPH)
|
Batting: LHB Sandy Casarrubias
|
0-0: SINGLE (Groundball, 4M, EV 103.1 MPH) (infield hit) Kyle Bell scores Joey Mote to third Brian Corey to second
|
Batting: RHB David Rodriguez
|
0-0: Foul Ball, location: 2LF 0-1: Ball 1-1: Ball 2-1: SINGLE (Line Drive, 8RS, EV 107.5 MPH) Joey Mote scores Brian Corey to third Sandy Casarrubias to second
|
Batting: RHB Nick Ritchie
|
0-0: Fielders Choice at 3rd, U5 (Groundball, 5, EV 85.6 MPH)
|
Bottom of the 6th over - 3 runs, 4 hits, 0 errors, 2 left on base; Arizona (AZL) 5 - Chicago A (AZL) 8 |
TOP OF THE 7TH |
Arizona (AZL) Diamondbacks batting - Pitching for Chicago A (AZL) White Sox : RHP Freddy Sospiri
|
Now at SS: Domingo Gonzalez
|
|
Now in CF: Derrick Hudson
|
|
Now in RF: Paul Boone
|
|
Pinch Hitting: LHB Ron Coffin
|
0-0: Called Strike 0-1: Called Strike 0-2: Ground out 5-3 (Groundball, 56, EV 103.8 MPH)
|
Batting: RHB Bryan Burckhardt
|
0-0: Ball 1-0: SINGLE (Line Drive, 89S, EV 90.0 MPH)
|
Batting: RHB Raul Grande
|
0-0: Called Strike 0-1: Ball 1-1: Ball 2-1: Ball Bryan Burckhardt steals 2nd base 3-1: Swinging Strike 3-2: Foul Ball, location: 5SF 3-2: Strikes out swinging
|
Batting: LHB Mike George
|
0-0: Foul Ball, location: 3F 0-1: Foul Ball, location: 9LSFF 0-2: Ball 1-2: Fly out, F8 (Flyball, 8RXD, EV 111.3 MPH)
|
Top of the 7th over - 0 runs, 1 hit, 0 errors, 1 left on base; Arizona (AZL) 5 - Chicago A (AZL) 8 |
BOTTOM OF THE 7TH |
Chicago A (AZL) White Sox batting - Pitching for Arizona (AZL) Diamondbacks : RHP Jim Unknown
|
Pitching: RHP Jim Unknown
|
|
Now at 2B: Guillermo Caraballo
|
|
Batting: RHB Paul Boone
|
0-0: Called Strike 0-1: Foul Ball, location: 3F 0-2: Foul Ball, location: 5SF 0-2: Fly out, F8 (Line Drive, 8LS, EV 105.6 MPH)
|
Batting: RHB Kyle Bell
|
0-0: Ball 1-0: Swinging Strike 1-1: Ball 2-1: Ball 3-1: Foul Ball, location: 2F 3-2: Base on Balls
|
Batting: RHB Derrick Hudson
|
0-0: Ball 1-0: Foul Ball, location: 5F 1-1: Called Strike 1-2: Foul Ball, location: 2F 1-2: Fly out, F9 (Flyball, 89S, EV 91.9 MPH)
|
Batting: RHB Domingo Gonzalez
|
0-0: Ball 1-0: Called Strike 1-1: Ball 2-1: Ball 3-1: Foul Ball, location: 7LSF 3-2: Fly out, F9 (Flyball, 9S, EV 96.3 MPH)
|
Bottom of the 7th over - 0 runs, 0 hits, 0 errors, 1 left on base; Arizona (AZL) 5 - Chicago A (AZL) 8 |
TOP OF THE 8TH |
Arizona (AZL) Diamondbacks batting - Pitching for Chicago A (AZL) White Sox : RHP Freddy Sospiri
|
Pitching: LHP Jerry Martinez
|
|
Pinch Hitting: RHB David Moncada
|
0-0: Ball 1-0: Fly out, F2 (Popup, 25F, EV 88.8 MPH)
|
Pitching: LHP Chris Dollar
|
|
Pinch Hitting: LHB Adam Deppen
|
0-0: Ball 1-0: Foul Ball, location: 2F 1-1: Swinging Strike 1-2: Ground out 4-3 (Groundball, 34D, EV 100.0 MPH)
|
Batting: RHB Chris Owens
|
0-0: Ground out 4-3 (Groundball, 4, EV 86.9 MPH)
|
Top of the 8th over - 0 runs, 0 hits, 0 errors, 0 left on base; Arizona (AZL) 5 - Chicago A (AZL) 8 |
BOTTOM OF THE 8TH |
Chicago A (AZL) White Sox batting - Pitching for Arizona (AZL) Diamondbacks : RHP Jim Unknown
|
Now at 1B: Tommy Young
|
|
Now in RF: Bobby Ochoa
|
|
Batting: SHB Brian Corey
|
0-0: Foul Ball, location: 9LMF 0-1: Ball 1-1: Foul Ball, location: 23F 1-2: Foul Ball, location: 2F 1-2: Ball 2-2: Ground out 4-3 (Groundball, 4, EV 106.3 MPH)
|
Batting: RHB Eric Nestor
|
0-0: Swinging Strike 0-1: Ground out 6-3 (Groundball, 6, EV 91.9 MPH)
|
Batting: LHB Sandy Casarrubias
|
0-0: SINGLE (Line Drive, 7S, EV 97.5 MPH)
|
Batting: RHB David Rodriguez
|
0-0: Called Strike 0-1: Ball 1-1: Foul Ball, location: 5FF 1-2: Strikes out looking
|
Bottom of the 8th over - 0 runs, 1 hit, 0 errors, 1 left on base; Arizona (AZL) 5 - Chicago A (AZL) 8 |
TOP OF THE 9TH |
Arizona (AZL) Diamondbacks batting - Pitching for Chicago A (AZL) White Sox : LHP Chris Dollar
|
Batting: SHB Josh Middleton
|
0-0: Fly out, F6 (Popup, 6MS, EV 74.4 MPH)
|
Batting: RHB Justin Hartman
|
0-0: Called Strike 0-1: Called Strike 0-2: Ball 1-2: SINGLE (Flyball, 56D, EV 90.0 MPH)
|
Batting: RHB Guillermo Caraballo
|
0-0: Ball 1-0: Fly out, F7 (Line Drive, 7S, EV 90.6 MPH)
|
Batting: RHB Bryan Burckhardt
|
0-0: Ball 1-0: Ball 2-0: Fly out, F9 (Flyball, 9LM, EV 85.6 MPH)
|
Top of the 9th over - 0 runs, 1 hit, 0 errors, 1 left on base; Arizona (AZL) 5 - Chicago A (AZL) 8 |
|